Colorado vs Comets

Created - Tuesday, January 14, 2025 at 22:35

Goals
1 2 3 T
Colorado 0 1 0 1
Comets 1 0 1 2
Shots
1 2 3 T
Colorado 10 12 11 33
Comets 15 6 10 31

1st period

1. Comets , Roby Jarventie 18 (Cody Glass 14, Logan Shaw 27) at 16:51 (PP)

Penalties :
John Stevens (COL) for Tripping (Minor) at 0:56, Ethan Samson (COL) for Tripping (Minor) at 2:46, Ethan Samson (COL) for Interference (Minor) at 5:03, Matthew Highmore (UTI) for Hooking (Minor) at 5:12, Cooper Walker (COL) for Tripping (Minor) at 8:01, Jett Jones (COL) for Cross-checking (Minor) at 10:24, John Stevens (COL) for Roughing (Minor) at 15:36, Jack Rathbone (UTI) for Roughing (Minor) at 19:53

2nd period

2. Colorado , Brayden Pachal 1 (John Stevens 27, Ryan Sandelin 15) at 4:58

Penalties :
Tucker Robertson (UTI) for Roughing (Minor) at 8:10, Michael Callahan (COL) for Hooking (Minor) at 8:10

3rd period

3. Comets , Logan Shaw 27 (Ashton Sautner 5, Roby Jarventie 31) at 6:07 (PP)

Penalties :
Tanner Fritz (UTI) for Interference (Minor) at 3:19, Filip Cederqvist (COL) for Tripping (Minor) at 5:42, Jett Woo (UTI) for Slashing (Minor) at 6:10, Ethan Bear (UTI) for Holding Stick (Minor) at 10:51, Jett Woo (UTI) for Slashing (Minor) at 12:58, Brayden Pachal (COL) for Holding (Minor) at 18:58

Goalie Stats

Evan Fitzpatrick (COL), 29 saves from 31 shots - (0.935), L, 15-10-3, 60:00 minutes
Jordan Papirny (UTI), 32 saves from 33 shots - (0.970), W, 28-8-3, 60:00 minutes

Players Stats for Colorado

Player Name              G  A  P  +/- PIM S  H  SB GA TA FO     MP     PP MP  PK MP  
------------------------------------------------------------------------------------
Axel Jonsson-Fjallby     0  0  0   0  0   0  0  0  0  0  1/1     9:17   1:07   0:00 
Brandon Biro             0  0  0   0  0   2  0  0  0  0  3/10   20:52   5:12   3:44 
Brayden Pachal           1  0  1   1  2   2  2  1  0  0  0/0    15:24   0:24   0:34 
Colton Young             0  0  0   0  0   0  0  0  0  0  0/0     0:00   0:00   0:00 
Cooper Walker            0  0  0   0  2   0  0  0  0  0  2/5     7:40   0:00   0:00 
Dmitri Voronkov          0  0  0   0  0   0  2  0  0  0  19/37  23:06   5:12   4:58 
Eetu Liukas              0  0  0   0  0   0  4  0  0  0  0/0     7:41   0:00   0:00 
Ethan Samson             0  0  0   0  4   2  1  0  0  0  0/0    20:42   4:10   4:18 
Filip Cederqvist         0  0  0   0  2   3  0  1  0  0  0/4    16:38   0:00   1:17 
Jett Jones               0  0  0   0  2   0  1  0  0  0  7/10    8:10   0:00   0:00 
John Stevens             0  1  1   1  4   3  1  0  0  0  11/17  14:29   4:28   0:41 
Kim Nousiainen           0  0  0   1  0   1  0  1  0  0  0/0    18:36   1:02   1:18 
Maxwell Crozier          0  0  0   0  0   5  5  5  0  0  0/0    22:23   5:01   5:13 
Michael Callahan         0  0  0   0  2   2  0  1  0  0  0/0    21:34   4:30   4:59 
Pavol Regenda            0  0  0   0  0   6  2  3  0  0  2/2    23:25   4:50   5:40 
Ryan Sandelin            0  1  1   1  0   2  2  0  0  0  0/0    13:53   4:31   0:00 
Ryan Shea                0  0  0   0  0   2  1  2  0  0  0/0    21:17   5:01   4:51 
Taro Hirose              0  0  0   1  0   3  0  0  0  0  2/3    20:09   4:52   4:45 

Players Stats for Comets

Player Name              G  A  P  +/- PIM S  H  SB GA TA FO     MP     PP MP  PK MP  
------------------------------------------------------------------------------------
Ashton Sautner           0  1  1   0  0   1  2  2  0  0  0/0    21:28   5:58   4:15 
Cody Glass               0  1  1   0  0   5  1  0  0  0  0/0    14:59   5:32   0:00 
Ethan Bear               0  0  0   0  2   5  0  1  0  0  0/0    24:02   5:58   4:14 
Jack Rathbone            0  0  0   0  2   0  0  3  0  0  0/0    22:54   4:39   4:24 
Jett Woo                 0  0  0  -1  4   1  2  3  0  0  0/0    14:11   0:00   0:00 
Justin Dowling           0  0  0   0  0   3  1  0  0  0  21/38  22:56   5:05   6:04 
Justin Richards          0  0  0   0  0   0  1  0  0  0  0/1     9:10   0:00   0:15 
Kevin Korchinski         0  0  0   0  0   0  0  3  0  0  0/0    15:23   0:33   5:59 
Leo Loof                 0  0  0   0  0   0  0  0  0  0  0/0     1:16   0:00   1:16 
Logan Shaw               1  1  2   0  0   3  0  0  0  0  12/26  25:25   5:32   3:07 
Matthew Highmore         0  0  0   0  2   6  0  0  0  0  2/3    19:06   5:04   5:50 
Patrick Brown            0  0  0  -1  0   0  1  0  0  0  2/3    12:36   0:00   0:52 
Riley Nash               0  0  0  -1  0   0  0  0  0  0  0/1    10:17   0:00   0:00 
Roby Jarventie           1  1  2   0  0   4  0  1  0  0  0/1    18:36   5:32   3:07 
Tanner Fritz             0  0  0  -1  2   0  0  0  0  0  3/9    10:16   0:00   0:00 
Tucker Robertson         0  0  0   0  2   0  0  0  0  0  2/7     9:00   0:06   0:00 
Vasily Podkolzin         0  0  0   0  0   2  3  0  0  0  0/0    13:43   4:59   0:53 
Zach Metsa               0  0  0  -1  0   1  0  0  0  0  0/0    20:42   4:06   0:00 

3 Stars

1 - Jordan Papirny (UTI)
2 - Roby Jarventie (UTI)
3 - Logan Shaw (UTI)

Power Play

Colorado - 0 on 6 Attempt(s) - 0.00%
Comets - 2 on 8 Attempt(s) - 25.00%

Penalty Kill

Colorado - 6 on 8 Attempt(s) - 75.00% - Score 0 goal in Penalty Kill
Comets - 6 on 6 Attempt(s) - 100.00% - Score 0 goal in Penalty Kill

Team Stat

Colorado - Hits : 21 - Faceoff Wins : 47 - Blocked Shots : 14 - Penalty Minutes : 18
Comets - Hits : 11 - Faceoff Wins : 42 - Blocked Shots : 13 - Penalty Minutes : 14

Official

Referees : Chris Lee and Jean Hebert
Linesman : Michel Cormier and Bryan Pancich

Game Notes

No Game Note

Finance

Level 1 -- Attendance: 1866 (93.30%) -- Ticket Income $65,310
Level 2 -- Attendance: 875 (87.50%) -- Ticket Income $13,125
Total Attendance: 2741 (91.37%)
Total Ticket Income: $78,435
Other Income: $38,433
Total Income: $116,868

Colorado

5 vs 5 Forward 
   Center                   Left Wing                Right Wing               Time % Phy DF OF 
 1 Dmitri Voronkov          Brandon Biro             Pavol Regenda            25     1   2  2  
 2 John Stevens             Taro Hirose              Ryan Sandelin            25     1   2  2  
 3 Jett Jones               Axel Jonsson-Fjallby     Filip Cederqvist         25     1   2  2  
 4 Cooper Walker            Eetu Liukas              Filip Cederqvist         25     1   2  2  

5 vs 5 Defense 
   Defense                  Defense                                           Time % Phy DF OF 
 1 Ryan Shea                Maxwell Crozier                                   25     1   2  2  
 2 Michael Callahan         Ethan Samson                                      25     1   2  2  
 3 Kim Nousiainen           Brayden Pachal                                    25     1   2  2  
 4 Ryan Shea                Maxwell Crozier                                   25     1   2  2  

PowerPlay Forward 
   Center                   Left Wing                Right Wing               Time % Phy DF OF 
 1 Dmitri Voronkov          Brandon Biro             Pavol Regenda            60     1   2  2  
 2 John Stevens             Taro Hirose              Ryan Sandelin            40     1   2  2  

PowerPlay Defense
   Defense                  Defense                                           Time % Phy DF OF 
 1 Ryan Shea                Maxwell Crozier                                   60     1   2  2  
 2 Michael Callahan         Ethan Samson                                      40     1   2  2  

Penalty Kill 4 Players Forward 
   Center                   Wing                     Time % Phy DF OF 
 1 Dmitri Voronkov          Pavol Regenda            60     1   2  2  
 2 Brandon Biro             Taro Hirose              40     1   2  2  

Penalty Kill 4 Players Defense
   Defense                  Defense                  Time % Phy DF OF 
 1 Ryan Shea                Maxwell Crozier          60     1   2  2  
 2 Michael Callahan         Ethan Samson             40     1   2  2  

Penalty Kill - 3 Players Forward 
   Forward                                           Time % Phy DF OF 
 1 Dmitri Voronkov                                   60     1   2  2  
 2 Pavol Regenda                                     40     1   2  2  

Penalty Kill - 3 Players Defense
   Defense                  Defense                  Time % Phy DF OF 
 1 Ryan Shea                Maxwell Crozier          60     1   2  2  
 2 Michael Callahan         Ethan Samson             40     1   2  2  

4 vs 4 Forward 
   Center                   Wing                     Time % Phy DF OF 
 1 Dmitri Voronkov          Pavol Regenda            60     1   2  2  
 2 Brandon Biro             Taro Hirose              40     1   2  2  

4 vs 4 Defense
   Defense                  Defense                  Time % Phy DF OF 
 1 Ryan Shea                Maxwell Crozier          60     1   2  2  
 2 Michael Callahan         Ethan Samson             40     1   2  2  

Last Minutes Offensive
   Center                   Left Wing                Right Wing               Defense                  Defense                  
   Dmitri Voronkov          Brandon Biro             Pavol Regenda            Ryan Shea                Maxwell Crozier          

Last Minutes Defensive
   Center                   Left Wing                Right Wing               Defense                  Defense                  
   Dmitri Voronkov          Brandon Biro             Pavol Regenda            Ryan Shea                Maxwell Crozier          

Goaltenders
Starting : Evan Fitzpatrick         
Backup : Henrik Tikkanen          

Extra Forwards
Normal : Axel Jonsson-Fjallby, Jett Jones, Filip Cederqvist - PP : Axel Jonsson-Fjallby, Jett Jones - PK : Filip Cederqvist
Extra Defensemen
Normal : Kim Nousiainen, Ryan Shea, Michael Callahan - PP : Kim Nousiainen - PK : Maxwell Crozier, Michael Callahan
Penalty Shots
Dmitri Voronkov, Pavol Regenda, Brandon Biro, Taro Hirose, John Stevens
Custom OT Lines Forwards
Dmitri Voronkov, Pavol Regenda, Brandon Biro, Taro Hirose, John Stevens, Ryan Sandelin, Jett Jones, Filip Cederqvist, Eetu Liukas, Axel Jonsson-Fjallby
Custom OT Lines Defensemen
Ryan Shea, Maxwell Crozier, Michael Callahan, Ethan Samson, Kim Nousiainen

Scratches
Farm Player 101 (Healthy), Louis Domingue (Healthy), Eetu Makiniemi (Healthy)

Comets

5 vs 5 Forward 
   Center                   Left Wing                Right Wing               Time % Phy DF OF 
 1 Justin Dowling           Roby Jarventie           Cody Glass               25     0   2  3  
 2 Logan Shaw               Matthew Highmore         Vasily Podkolzin         25     0   2  3  
 3 Tanner Fritz             Riley Nash               Patrick Brown            25     0   2  3  
 4 Tucker Robertson         Logan Shaw               Justin Richards          25     0   2  3  

5 vs 5 Defense 
   Defense                  Defense                                           Time % Phy DF OF 
 1 Ethan Bear               Kevin Korchinski                                  25     0   4  1  
 2 Ashton Sautner           Jack Rathbone                                     25     0   4  1  
 3 Jett Woo                 Zach Metsa                                        25     0   4  1  
 4 Jack Rathbone            Ethan Bear                                        25     0   4  1  

PowerPlay Forward 
   Center                   Left Wing                Right Wing               Time % Phy DF OF 
 1 Logan Shaw               Roby Jarventie           Cody Glass               60     0   0  5  
 2 Justin Dowling           Matthew Highmore         Vasily Podkolzin         40     0   0  5  

PowerPlay Defense
   Defense                  Defense                                           Time % Phy DF OF 
 1 Ethan Bear               Ashton Sautner                                    60     0   0  5  
 2 Jack Rathbone            Zach Metsa                                        40     0   0  5  

Penalty Kill 4 Players Forward 
   Center                   Wing                     Time % Phy DF OF 
 1 Justin Dowling           Matthew Highmore         60     0   5  0  
 2 Logan Shaw               Roby Jarventie           40     0   5  0  

Penalty Kill 4 Players Defense
   Defense                  Defense                  Time % Phy DF OF 
 1 Jack Rathbone            Kevin Korchinski         60     0   5  0  
 2 Ethan Bear               Ashton Sautner           40     0   5  0  

Penalty Kill - 3 Players Forward 
   Forward                                           Time % Phy DF OF 
 1 Patrick Brown                                     60     0   5  0  
 2 Justin Dowling                                    40     0   5  0  

Penalty Kill - 3 Players Defense
   Defense                  Defense                  Time % Phy DF OF 
 1 Kevin Korchinski         Jack Rathbone            60     0   5  0  
 2 Ashton Sautner           Ethan Bear               40     0   5  0  

4 vs 4 Forward 
   Center                   Wing                     Time % Phy DF OF 
 1 Justin Dowling           Matthew Highmore         60     0   2  3  
 2 Logan Shaw               Vasily Podkolzin         40     0   2  3  

4 vs 4 Defense
   Defense                  Defense                  Time % Phy DF OF 
 1 Ethan Bear               Jack Rathbone            60     0   4  1  
 2 Ashton Sautner           Zach Metsa               40     0   4  1  

Last Minutes Offensive
   Center                   Left Wing                Right Wing               Defense                  Defense                  
   Justin Dowling           Vasily Podkolzin         Logan Shaw               Ethan Bear               Kevin Korchinski         

Last Minutes Defensive
   Center                   Left Wing                Right Wing               Defense                  Defense                  
   Justin Dowling           Matthew Highmore         Logan Shaw               Ethan Bear               Kevin Korchinski         

Goaltenders
Starting : Jordan Papirny           
Backup : Ludovic Waeber           

Extra Forwards
Normal : Matthew Highmore, Patrick Brown, Roby Jarventie - PP : Tucker Robertson, Vasily Podkolzin - PK : Patrick Brown
Extra Defensemen
Normal : Ashton Sautner, Ethan Bear, Kevin Korchinski - PP : Ethan Bear - PK : Ethan Bear, Jack Rathbone
Penalty Shots
Logan Shaw, Roby Jarventie, Cody Glass, Justin Dowling, Matthew Highmore
Custom OT Lines Forwards
Logan Shaw, Vasily Podkolzin, Patrick Brown, Cody Glass, Tanner Fritz, Justin Dowling, Roby Jarventie, Tucker Robertson, Riley Nash, Matthew Highmore
Custom OT Lines Defensemen
Kevin Korchinski, Jett Woo, Ethan Bear, Ashton Sautner, Jack Rathbone

Scratches
Brett Budgell (Healthy), Colin Felix (Healthy), Cristiano DiGiacinto (Healthy), Alex Gallant (Healthy), Eric Comrie (Healthy)

% Time on Ice - Colorado

Lines # - Real PCT - Wanted PCT - Time Play
Normal Forward
1 - 30% - 25% - 10:46
2 - 26% - 25% - 9:22
3 - 22% - 25% - 7:41
4 - 22% - 25% - 7:41
Normal Defense
1 - 14% - 25% - 5:08
2 - 31% - 25% - 10:54
3 - 41% - 25% - 14:27
4 - 14% - 25% - 5:01
PP Forward
1 - 52% - 60% - 5:12
2 - 48% - 40% - 4:52
PP Defense
1 - 54% - 60% - 5:25
2 - 46% - 40% - 4:39
PK Forward
1 - 55% - 60% - 5:43
2 - 45% - 40% - 4:45
PK Defense
1 - 46% - 60% - 4:51
2 - 54% - 40% - 5:37
PK3 Forward
1 - 100% - 60% - 0:09
2 - 0% - 40% - 0:00
PK3 Defense
1 - 0% - 60% - 0:00
2 - 100% - 40% - 0:09
44 Forward
1 - 69% - 60% - 2:39
2 - 31% - 40% - 1:10
44 Defense
1 - 17% - 60% - 0:38
2 - 83% - 40% - 3:11
Last Minute Offensive  - 0:00
Last Minute Defensive  - 0:00
Total
Forward - 60:00
Defense - 60:00

% Time on Ice - Comets

Lines # - Real PCT - Wanted PCT - Time Play
Normal Forward
1 - 27% - 25% - 9:27
2 - 19% - 25% - 6:51
3 - 29% - 25% - 10:17
4 - 25% - 25% - 8:55
Normal Defense
1 - 25% - 25% - 8:51
2 - 24% - 25% - 8:21
3 - 40% - 25% - 14:13
4 - 12% - 25% - 4:05
PP Forward
1 - 52% - 60% - 5:32
2 - 48% - 40% - 5:05
PP Defense
1 - 56% - 60% - 5:58
2 - 44% - 40% - 4:39
PK Forward
1 - 69% - 60% - 6:57
2 - 31% - 40% - 3:07
PK Defense
1 - 54% - 60% - 5:29
2 - 46% - 40% - 4:35
PK3 Forward
1 - 0% - 60%
2 - 0% - 40%
PK3 Defense
1 - 0% - 60%
2 - 0% - 40%
44 Forward
1 - 74% - 60% - 2:49
2 - 26% - 40% - 1:00
44 Defense
1 - 38% - 60% - 1:26
2 - 62% - 40% - 2:23
Last Minute Offensive  - 0:00
Last Minute Defensive  - 0:00
Total
Forward - 60:00
Defense - 60:00

Play-by-Play

1st period


0:01 of 1st period - Dmitri Voronkov wins face-off versus Roby Jarventie in neutral zone.
0:06 of 1st period - Shot by Maxwell Crozier.
0:06 of 1st period - Stopped by Jordan Papirny without a rebound.
0:07 of 1st period - John Stevens wins face-off versus Logan Shaw in Comets zone.
0:56 of 1st period - Minor Penalty to John Stevens for Tripping.
0:57 of 1st period - Logan Shaw wins face-off versus Dmitri Voronkov in Colorado zone.
1:00 of 1st period - Shot by Ethan Bear.
1:00 of 1st period - Shot Blocked by Pavol Regenda.
1:02 of 1st period - Shot by Cody Glass.
1:02 of 1st period - Deflect By Logan Shaw.
1:02 of 1st period - Shot Blocked by Maxwell Crozier.
1:06 of 1st period - Shot by Cody Glass.
1:06 of 1st period - Shot Misses the Net.
1:14 of 1st period - Shot by Ethan Bear.
1:14 of 1st period - Stopped by Evan Fitzpatrick with a rebound.
1:16 of 1st period - Shot by Ethan Bear.
1:16 of 1st period - Deflect By Roby Jarventie.
1:16 of 1st period - Shot Misses the Net.
1:18 of 1st period - Shot by Cody Glass.
1:18 of 1st period - Stopped by Evan Fitzpatrick without a rebound.
1:19 of 1st period - Brandon Biro wins face-off versus Justin Dowling in Colorado zone.
2:09 of 1st period - Shot by Ethan Bear.
2:09 of 1st period - Stopped by Evan Fitzpatrick with a rebound.
2:31 of 1st period - Shot by Matthew Highmore.
2:31 of 1st period - Stopped by Evan Fitzpatrick without a rebound.
2:32 of 1st period - Justin Dowling wins face-off versus Dmitri Voronkov in Colorado zone.
2:36 of 1st period - Justin Dowling is hit by Ethan Samson and loses puck.
2:46 of 1st period - Minor Penalty to Ethan Samson for Tripping.
2:47 of 1st period - Logan Shaw wins face-off versus Dmitri Voronkov in Colorado zone.
2:58 of 1st period - Shot by Cody Glass.
2:58 of 1st period - Shot Blocked by Pavol Regenda.
3:00 of 1st period - Shot by Cody Glass.
3:00 of 1st period - Shot Misses the Net.
3:02 of 1st period - Shot by Logan Shaw.
3:02 of 1st period - Shot Blocked by Maxwell Crozier.
3:04 of 1st period - Shot by Roby Jarventie.
3:04 of 1st period - Deflect By Logan Shaw.
3:04 of 1st period - Shot Misses the Net.
3:06 of 1st period - Shot by Logan Shaw.
3:06 of 1st period - Shot Misses the Net.
3:08 of 1st period - Shot by Logan Shaw.
3:08 of 1st period - Shot Hit the Post.
3:12 of 1st period - Shot by Roby Jarventie.
3:12 of 1st period - Stopped by Evan Fitzpatrick without a rebound.
3:13 of 1st period - Matthew Highmore wins face-off versus Brandon Biro in Colorado zone.
3:13 of 1st period - Matthew Highmore is hit by Brayden Pachal.
3:17 of 1st period - Shot by Matthew Highmore.
3:17 of 1st period - Shot Hit the Post.
3:19 of 1st period - Shot by Justin Dowling.
3:19 of 1st period - Stopped by Evan Fitzpatrick without a rebound.
3:20 of 1st period - Justin Dowling wins face-off versus Dmitri Voronkov in Colorado zone.
3:21 of 1st period - Shot by Matthew Highmore.
3:21 of 1st period - Stopped by Evan Fitzpatrick without a rebound.
3:22 of 1st period - Justin Dowling wins face-off versus Dmitri Voronkov in Colorado zone.
3:29 of 1st period - Shot by Jack Rathbone.
3:29 of 1st period - Shot Misses the Net.
4:31 of 1st period - Shot by Ethan Bear.
4:31 of 1st period - Stopped by Evan Fitzpatrick without a rebound.
4:32 of 1st period - Logan Shaw wins face-off versus Brandon Biro in Colorado zone.
4:43 of 1st period - Shot by Logan Shaw.
4:43 of 1st period - Shot Misses the Net.
4:45 of 1st period - Shot by Jack Rathbone.
4:45 of 1st period - Shot Misses the Net.
5:03 of 1st period - Minor Penalty to Ethan Samson for Interference.
5:04 of 1st period - Justin Dowling wins face-off versus Brandon Biro in Colorado zone.
5:08 of 1st period - Shot by Matthew Highmore.
5:08 of 1st period - Shot Blocked by Ryan Shea.
5:10 of 1st period - Shot by Ethan Bear.
5:10 of 1st period - Stopped by Evan Fitzpatrick without a rebound.
5:11 of 1st period - Dmitri Voronkov wins face-off versus Justin Dowling in Colorado zone.
5:11 of 1st period - Dmitri Voronkov is hit by Vasily Podkolzin.
5:12 of 1st period - Minor Penalty to Matthew Highmore for Hooking.
5:13 of 1st period - Justin Dowling wins face-off versus Dmitri Voronkov in Comets zone.
5:18 of 1st period - Shot by Dmitri Voronkov.
5:18 of 1st period - Deflect By Pavol Regenda.
5:18 of 1st period - Shot Misses the Net.
5:20 of 1st period - Shot by Kim Nousiainen.
5:20 of 1st period - Shot Misses the Net.
5:22 of 1st period - Shot by Pavol Regenda.
5:22 of 1st period - Stopped by Jordan Papirny without a rebound.
5:23 of 1st period - Dmitri Voronkov wins face-off versus Justin Dowling in Comets zone.
6:30 of 1st period - Shot by Logan Shaw.
6:30 of 1st period - Shot Blocked by Michael Callahan.
6:32 of 1st period - Shot by Zach Metsa.
6:32 of 1st period - Stopped by Evan Fitzpatrick without a rebound.
6:33 of 1st period - Dmitri Voronkov wins face-off versus Justin Dowling in Colorado zone.
6:33 of 1st period - Dmitri Voronkov is hit by Justin Dowling.
6:41 of 1st period - Roby Jarventie is hit by Pavol Regenda and loses puck.
7:18 of 1st period - Kevin Korchinski is hit by Eetu Liukas and loses puck.
7:43 of 1st period - Ethan Bear is hit by Eetu Liukas.
8:01 of 1st period - Minor Penalty to Cooper Walker for Tripping.
8:02 of 1st period - Brandon Biro wins face-off versus Logan Shaw in Colorado zone.
8:08 of 1st period - Icing by Cody Glass.
8:09 of 1st period - Dmitri Voronkov wins face-off versus Logan Shaw in Comets zone.
8:10 of 1st period - Shot by Pavol Regenda.
8:10 of 1st period - Deflect By Dmitri Voronkov.
8:10 of 1st period - Shot Misses the Net.
9:38 of 1st period - Icing by Roby Jarventie.
9:39 of 1st period - Logan Shaw wins face-off versus Brandon Biro in Comets zone.
10:04 of 1st period - Icing by Brayden Pachal.
10:05 of 1st period - Tanner Fritz wins face-off versus Jett Jones in Colorado zone.
10:24 of 1st period - Minor Penalty to Jett Jones for Cross-checking.
10:25 of 1st period - Justin Dowling wins face-off versus Dmitri Voronkov in Colorado zone.
10:28 of 1st period - Shot by Justin Dowling.
10:28 of 1st period - Shot Misses the Net.
10:30 of 1st period - Shot by Vasily Podkolzin.
10:30 of 1st period - Shot Misses the Net.
11:17 of 1st period - Icing by Cody Glass.
11:18 of 1st period - Dmitri Voronkov wins face-off versus Logan Shaw in Comets zone.
11:21 of 1st period - Shot by Pavol Regenda.
11:21 of 1st period - Stopped by Jordan Papirny with a rebound.
11:27 of 1st period - Shot by Roby Jarventie.
11:27 of 1st period - Shot Misses the Net.
11:29 of 1st period - Shot by Logan Shaw.
11:29 of 1st period - Stopped by Evan Fitzpatrick with a rebound.
11:31 of 1st period - Shot by Logan Shaw.
11:31 of 1st period - Deflect By Roby Jarventie.
11:31 of 1st period - Stopped by Evan Fitzpatrick without a rebound.
11:32 of 1st period - Brandon Biro wins face-off versus Justin Dowling in Colorado zone.
12:14 of 1st period - Off-side.
12:15 of 1st period - Logan Shaw wins face-off versus Brandon Biro in neutral zone.
13:16 of 1st period - Icing by Tucker Robertson.
13:17 of 1st period - John Stevens wins face-off versus Logan Shaw in Comets zone.
13:21 of 1st period - Ryan Sandelin is hit by Jett Woo and loses puck.
13:44 of 1st period - Shot by John Stevens.
13:44 of 1st period - Shot Misses the Net.
13:46 of 1st period - Shot by John Stevens.
13:46 of 1st period - Shot Misses the Net.
14:05 of 1st period - Logan Shaw is hit by Dmitri Voronkov and loses puck.
14:14 of 1st period - Shot by Dmitri Voronkov.
14:14 of 1st period - Shot Misses the Net.
14:16 of 1st period - Shot by Ryan Shea.
14:16 of 1st period - Shot Blocked by Jett Woo.
14:18 of 1st period - Shot by Pavol Regenda.
14:18 of 1st period - Stopped by Jordan Papirny with a rebound.
14:26 of 1st period - Shot by Dmitri Voronkov.
14:26 of 1st period - Shot Misses the Net.
14:28 of 1st period - Shot by Ryan Shea.
14:28 of 1st period - Stopped by Jordan Papirny without a rebound.
14:29 of 1st period - Justin Dowling wins face-off versus Cooper Walker in Comets zone.
14:29 of 1st period - Justin Dowling is hit by Eetu Liukas.
14:43 of 1st period - Shot by Cody Glass.
14:43 of 1st period - Stopped by Evan Fitzpatrick with a rebound.
14:45 of 1st period - Shot by Roby Jarventie.
14:45 of 1st period - Shot Misses the Net.
15:34 of 1st period - Shot by Pavol Regenda.
15:34 of 1st period - Deflect By Brandon Biro.
15:34 of 1st period - Stopped by Jordan Papirny without a rebound.
15:35 of 1st period - Logan Shaw wins face-off versus John Stevens in Comets zone.
15:35 of 1st period - Logan Shaw is hit by Ryan Sandelin.
15:36 of 1st period - Minor Penalty to John Stevens for Roughing.
15:37 of 1st period - Justin Dowling wins face-off versus Dmitri Voronkov in Colorado zone.
15:48 of 1st period - Shot by Vasily Podkolzin.
15:48 of 1st period - Shot Misses the Net.
15:50 of 1st period - Shot by Ethan Bear.
15:50 of 1st period - Shot Misses the Net.
15:52 of 1st period - Shot by Ashton Sautner.
15:52 of 1st period - Shot Blocked by Maxwell Crozier.
15:54 of 1st period - Shot by Ashton Sautner.
15:54 of 1st period - Shot Blocked by Ryan Shea.
15:56 of 1st period - Shot by Ethan Bear.
15:56 of 1st period - Stopped by Evan Fitzpatrick with a rebound.
16:51 of 1st period - Shot by Roby Jarventie.
16:51 of 1st period - Goal by Roby Jarventie - Colorado : 0 - Comets : 1.
16:52 of 1st period - Jett Jones wins face-off versus Tanner Fritz in neutral zone.
17:53 of 1st period - Off-side.
17:54 of 1st period - Justin Dowling wins face-off versus Dmitri Voronkov in neutral zone.
17:56 of 1st period - Off-side.
17:57 of 1st period - Dmitri Voronkov wins face-off versus Logan Shaw in neutral zone.
17:57 of 1st period - Michael Callahan is hit by Vasily Podkolzin and loses puck.
19:07 of 1st period - Shot by Ryan Shea.
19:07 of 1st period - Stopped by Jordan Papirny without a rebound.
19:08 of 1st period - John Stevens wins face-off versus Tanner Fritz in Comets zone.
19:22 of 1st period - Off-side.
19:23 of 1st period - Jett Jones wins face-off versus Justin Dowling in neutral zone.
19:26 of 1st period - Roby Jarventie is hit by Jett Jones and loses puck.
19:51 of 1st period - Shot by Brayden Pachal.
19:51 of 1st period - Stopped by Jordan Papirny without a rebound.
19:52 of 1st period - Dmitri Voronkov wins face-off versus Justin Richards in Comets zone.
19:52 of 1st period - Dmitri Voronkov is hit by Ashton Sautner.
19:53 of 1st period - Minor Penalty to Jack Rathbone for Roughing.
19:54 of 1st period - Dmitri Voronkov wins face-off versus Justin Dowling in Comets zone.
19:57 of 1st period - Shot by Pavol Regenda.
19:57 of 1st period - Stopped by Jordan Papirny with a rebound.
19:59 of 1st period - Shot by Maxwell Crozier.
19:59 of 1st period - Stopped by Jordan Papirny without a rebound.
Goals for this period are 0 for Colorado vs 1 for Comets.
Shots for this period are 10 for Colorado vs 15 for Comets.

2nd period


0:01 of 2nd period - Justin Dowling wins face-off versus Brandon Biro in neutral zone.
0:15 of 2nd period - Shot by Pavol Regenda.
0:15 of 2nd period - Shot Blocked by Ethan Bear.
0:17 of 2nd period - Shot by Maxwell Crozier.
0:17 of 2nd period - Stopped by Jordan Papirny without a rebound.
0:18 of 2nd period - John Stevens wins face-off versus Justin Dowling in Comets zone.
0:31 of 2nd period - Shot by Ethan Samson.
0:31 of 2nd period - Shot Blocked by Kevin Korchinski.
1:04 of 2nd period - Off-side.
1:05 of 2nd period - Dmitri Voronkov wins face-off versus Logan Shaw in neutral zone.
1:07 of 2nd period - Off-side.
1:08 of 2nd period - Logan Shaw wins face-off versus Dmitri Voronkov in neutral zone.
1:19 of 2nd period - Shot by Logan Shaw.
1:19 of 2nd period - Deflect By Roby Jarventie.
1:19 of 2nd period - Stopped by Evan Fitzpatrick with a rebound.
1:41 of 2nd period - Shot by Maxwell Crozier.
1:41 of 2nd period - Stopped by Jordan Papirny without a rebound.
1:42 of 2nd period - Matthew Highmore wins face-off versus John Stevens in Comets zone.
2:19 of 2nd period - Shot by Cooper Walker.
2:19 of 2nd period - Shot Misses the Net.
2:21 of 2nd period - Shot by Filip Cederqvist.
2:21 of 2nd period - Stopped by Jordan Papirny without a rebound.
2:22 of 2nd period - Taro Hirose wins face-off versus Tucker Robertson in Comets zone.
2:41 of 2nd period - Shot by Taro Hirose.
2:41 of 2nd period - Stopped by Jordan Papirny without a rebound.
2:42 of 2nd period - Dmitri Voronkov wins face-off versus Justin Dowling in Comets zone.
3:35 of 2nd period - Icing by Jack Rathbone.
3:36 of 2nd period - Jett Jones wins face-off versus Logan Shaw in Comets zone.
3:51 of 2nd period - Shot by Jett Jones.
3:51 of 2nd period - Shot Blocked by Jack Rathbone.
4:01 of 2nd period - Shot by Matthew Highmore.
4:01 of 2nd period - Stopped by Evan Fitzpatrick with a rebound.
4:56 of 2nd period - Shot by Ryan Sandelin.
4:56 of 2nd period - Deflect By John Stevens.
4:56 of 2nd period - Shot Blocked by Jett Woo.
4:58 of 2nd period - Shot by Brayden Pachal.
4:58 of 2nd period - Goal by Brayden Pachal - Colorado : 1 - Comets : 1.
4:59 of 2nd period - Justin Dowling wins face-off versus Dmitri Voronkov in neutral zone.
5:26 of 2nd period - Pavol Regenda is hit by Cody Glass and loses puck.
6:25 of 2nd period - Shot by Filip Cederqvist.
6:25 of 2nd period - Shot Blocked by Roby Jarventie.
6:46 of 2nd period - Shot by Filip Cederqvist.
6:46 of 2nd period - Stopped by Jordan Papirny without a rebound.
6:47 of 2nd period - Dmitri Voronkov wins face-off versus Logan Shaw in Comets zone.
7:22 of 2nd period - Matthew Highmore is hit by Maxwell Crozier and loses puck.
7:49 of 2nd period - Shot by Zach Metsa.
7:49 of 2nd period - Shot Misses the Net.
8:01 of 2nd period - Shot by John Stevens.
8:01 of 2nd period - Stopped by Jordan Papirny without a rebound.
8:02 of 2nd period - Cooper Walker wins face-off versus Tucker Robertson in Comets zone.
8:10 of 2nd period - Minor Penalty to Tucker Robertson for Roughing.
8:10 of 2nd period - Minor Penalty to Michael Callahan for Hooking.
8:11 of 2nd period - Axel Jonsson-Fjallby wins face-off versus Patrick Brown in Colorado zone.
8:11 of 2nd period - Axel Jonsson-Fjallby is hit by Patrick Brown.
8:30 of 2nd period - Ethan Samson is hit by Ashton Sautner and loses puck.
8:39 of 2nd period - Shot by Matthew Highmore.
8:39 of 2nd period - Stopped by Evan Fitzpatrick without a rebound.
8:40 of 2nd period - Logan Shaw wins face-off versus Dmitri Voronkov in Colorado zone.
9:09 of 2nd period - Shot by Logan Shaw.
9:09 of 2nd period - Deflect By Vasily Podkolzin.
9:09 of 2nd period - Stopped by Evan Fitzpatrick without a rebound.
9:10 of 2nd period - Justin Dowling wins face-off versus Brandon Biro in Colorado zone.
9:54 of 2nd period - Icing by Justin Dowling.
9:55 of 2nd period - Justin Dowling wins face-off versus Dmitri Voronkov in Comets zone.
10:01 of 2nd period - Off-side.
10:02 of 2nd period - Logan Shaw wins face-off versus Dmitri Voronkov in neutral zone.
10:05 of 2nd period - Dmitri Voronkov is hit by Vasily Podkolzin and loses puck.
10:41 of 2nd period - Kevin Korchinski is hit by Brayden Pachal.
11:09 of 2nd period - Shot by John Stevens.
11:09 of 2nd period - Stopped by Jordan Papirny with a rebound.
11:11 of 2nd period - Shot by Ryan Sandelin.
11:11 of 2nd period - Stopped by Jordan Papirny without a rebound.
11:12 of 2nd period - Dmitri Voronkov wins face-off versus Justin Dowling in Comets zone.
11:23 of 2nd period - Shot by Dmitri Voronkov.
11:23 of 2nd period - Shot Misses the Net.
12:38 of 2nd period - Shot by Matthew Highmore.
12:38 of 2nd period - Shot Blocked by Maxwell Crozier.
12:40 of 2nd period - Shot by Logan Shaw.
12:40 of 2nd period - Shot Misses the Net.
12:42 of 2nd period - Shot by Jack Rathbone.
12:42 of 2nd period - Deflect By Vasily Podkolzin.
12:42 of 2nd period - Stopped by Evan Fitzpatrick without a rebound.
12:43 of 2nd period - Tanner Fritz wins face-off versus Jett Jones in Colorado zone.
13:23 of 2nd period - Icing by Michael Callahan.
13:24 of 2nd period - Jett Jones wins face-off versus Tucker Robertson in Colorado zone.
13:24 of 2nd period - Jett Jones is hit by Justin Richards.
14:18 of 2nd period - Icing by Kevin Korchinski.
14:19 of 2nd period - Tucker Robertson wins face-off versus Cooper Walker in Comets zone.
14:34 of 2nd period - Ashton Sautner is hit by Eetu Liukas and loses puck.
14:43 of 2nd period - Shot by Eetu Liukas.
14:43 of 2nd period - Shot Misses the Net.
15:22 of 2nd period - Shot by Brandon Biro.
15:22 of 2nd period - Stopped by Jordan Papirny without a rebound.
15:23 of 2nd period - Patrick Brown wins face-off versus John Stevens in Comets zone.
15:47 of 2nd period - Shot by Taro Hirose.
15:47 of 2nd period - Stopped by Jordan Papirny with a rebound.
15:49 of 2nd period - Shot by Maxwell Crozier.
15:49 of 2nd period - Shot Misses the Net.
16:02 of 2nd period - Icing by Zach Metsa.
16:03 of 2nd period - Patrick Brown wins face-off versus Filip Cederqvist in Comets zone.
17:06 of 2nd period - Shot by Justin Dowling.
17:06 of 2nd period - Shot Blocked by Filip Cederqvist.
17:21 of 2nd period - Icing by Jack Rathbone.
17:22 of 2nd period - John Stevens wins face-off versus Justin Dowling in Comets zone.
17:35 of 2nd period - Shot by Taro Hirose.
17:35 of 2nd period - Shot Misses the Net.
17:45 of 2nd period - Shot by Taro Hirose.
17:45 of 2nd period - Shot Misses the Net.
17:47 of 2nd period - Shot by Taro Hirose.
17:47 of 2nd period - Shot Misses the Net.
17:49 of 2nd period - Shot by Brayden Pachal.
17:49 of 2nd period - Shot Misses the Net.
17:51 of 2nd period - Shot by Ryan Sandelin.
17:51 of 2nd period - Stopped by Jordan Papirny without a rebound.
17:52 of 2nd period - Pavol Regenda wins face-off versus Tucker Robertson in Comets zone.
18:01 of 2nd period - Shot by Logan Shaw.
18:01 of 2nd period - Stopped by Evan Fitzpatrick with a rebound.
18:05 of 2nd period - Shot by Logan Shaw.
18:05 of 2nd period - Shot Misses the Net.
18:56 of 2nd period - Jett Woo is hit by John Stevens and loses puck.
19:46 of 2nd period - Shot by Cooper Walker.
19:46 of 2nd period - Shot Misses the Net.
Goals for this period are 1 for Colorado vs 0 for Comets.
Shots for this period are 12 for Colorado vs 6 for Comets.

3rd period


0:01 of 3rd period - Logan Shaw wins face-off versus Cooper Walker in neutral zone.
0:11 of 3rd period - Vasily Podkolzin is hit by Maxwell Crozier and loses puck.
0:25 of 3rd period - Vasily Podkolzin is hit by Maxwell Crozier and loses puck.
0:33 of 3rd period - Vasily Podkolzin is hit by Maxwell Crozier and loses puck.
0:47 of 3rd period - Icing by Eetu Liukas.
0:48 of 3rd period - Cooper Walker wins face-off versus Riley Nash in Colorado zone.
0:57 of 3rd period - Off-side.
0:58 of 3rd period - Justin Dowling wins face-off versus John Stevens in neutral zone.
1:47 of 3rd period - Icing by Jett Woo.
1:48 of 3rd period - Pavol Regenda wins face-off versus Justin Dowling in Comets zone.
2:05 of 3rd period - Shot by Matthew Highmore.
2:05 of 3rd period - Stopped by Evan Fitzpatrick without a rebound.
2:06 of 3rd period - Tucker Robertson wins face-off versus Jett Jones in Colorado zone.
2:17 of 3rd period - Shot by Logan Shaw.
2:17 of 3rd period - Shot Misses the Net.
2:52 of 3rd period - Shot by Pavol Regenda.
2:52 of 3rd period - Stopped by Jordan Papirny without a rebound.
2:53 of 3rd period - John Stevens wins face-off versus Tanner Fritz in Comets zone.
2:53 of 3rd period - John Stevens is hit by Jett Woo.
3:06 of 3rd period - Shot by Taro Hirose.
3:06 of 3rd period - Shot Blocked by Jett Woo.
3:19 of 3rd period - Minor Penalty to Tanner Fritz for Interference.
3:20 of 3rd period - Justin Dowling wins face-off versus Dmitri Voronkov in Comets zone.
4:39 of 3rd period - Kevin Korchinski is hit by Ryan Sandelin and loses puck.
5:02 of 3rd period - Shot by Brandon Biro.
5:02 of 3rd period - Shot Misses the Net.
5:42 of 3rd period - Minor Penalty to Filip Cederqvist for Tripping.
5:43 of 3rd period - John Stevens wins face-off versus Logan Shaw in Colorado zone.
6:01 of 3rd period - Shot by Roby Jarventie.
6:01 of 3rd period - Shot Blocked by Pavol Regenda.
6:03 of 3rd period - Shot by Ashton Sautner.
6:03 of 3rd period - Stopped by Evan Fitzpatrick with a rebound.
6:05 of 3rd period - Shot by Logan Shaw.
6:05 of 3rd period - Shot Misses the Net.
6:07 of 3rd period - Shot by Logan Shaw.
6:07 of 3rd period - Goal by Logan Shaw - Colorado : 1 - Comets : 2.
6:08 of 3rd period - Jett Jones wins face-off versus Tanner Fritz in neutral zone.
6:10 of 3rd period - Minor Penalty to Jett Woo for Slashing.
6:11 of 3rd period - John Stevens wins face-off versus Justin Dowling in Comets zone.
7:33 of 3rd period - Shot by Taro Hirose.
7:33 of 3rd period - Shot Misses the Net.
7:41 of 3rd period - Shot by Kim Nousiainen.
7:41 of 3rd period - Stopped by Jordan Papirny with a rebound.
7:47 of 3rd period - Shot by Taro Hirose.
7:47 of 3rd period - Stopped by Jordan Papirny without a rebound.
7:48 of 3rd period - Dmitri Voronkov wins face-off versus Justin Dowling in Comets zone.
7:51 of 3rd period - Shot by Ryan Shea.
7:51 of 3rd period - Shot Blocked by Ashton Sautner.
8:41 of 3rd period - Shot by Tanner Fritz.
8:41 of 3rd period - Shot Blocked by Kim Nousiainen.
9:40 of 3rd period - Shot by Cody Glass.
9:40 of 3rd period - Stopped by Evan Fitzpatrick with a rebound.
9:54 of 3rd period - Shot by Cody Glass.
9:54 of 3rd period - Stopped by Evan Fitzpatrick without a rebound.
9:55 of 3rd period - Logan Shaw wins face-off versus Dmitri Voronkov in Colorado zone.
9:55 of 3rd period - Logan Shaw is hit by Maxwell Crozier.
10:51 of 3rd period - Minor Penalty to Ethan Bear for Holding Stick.
10:52 of 3rd period - Justin Dowling wins face-off versus Taro Hirose in Comets zone.
11:03 of 3rd period - Shot by Ethan Samson.
11:03 of 3rd period - Stopped by Jordan Papirny without a rebound.
11:04 of 3rd period - Justin Dowling wins face-off versus Dmitri Voronkov in Comets zone.
11:04 of 3rd period - Justin Dowling is hit by Pavol Regenda.
11:13 of 3rd period - Icing by Pavol Regenda.
11:14 of 3rd period - Dmitri Voronkov wins face-off versus Matthew Highmore in Colorado zone.
12:43 of 3rd period - Shot by Michael Callahan.
12:43 of 3rd period - Stopped by Jordan Papirny with a rebound.
12:53 of 3rd period - Shot by Dmitri Voronkov.
12:53 of 3rd period - Shot Misses the Net.
12:55 of 3rd period - Shot by Filip Cederqvist.
12:55 of 3rd period - Stopped by Jordan Papirny without a rebound.
12:56 of 3rd period - Jett Jones wins face-off versus Tanner Fritz in Comets zone.
12:58 of 3rd period - Minor Penalty to Jett Woo for Slashing.
12:59 of 3rd period - Taro Hirose wins face-off versus Logan Shaw in Comets zone.
13:19 of 3rd period - Shot by Ethan Samson.
13:19 of 3rd period - Stopped by Jordan Papirny without a rebound.
13:20 of 3rd period - Justin Dowling wins face-off versus Dmitri Voronkov in Comets zone.
13:29 of 3rd period - Shot by Brandon Biro.
13:29 of 3rd period - Shot Misses the Net.
13:31 of 3rd period - Shot by Dmitri Voronkov.
13:31 of 3rd period - Deflect By Brandon Biro.
13:31 of 3rd period - Shot Misses the Net.
13:33 of 3rd period - Shot by Ryan Shea.
13:33 of 3rd period - Shot Blocked by Kevin Korchinski.
13:35 of 3rd period - Shot by Ryan Shea.
13:35 of 3rd period - Shot Blocked by Kevin Korchinski.
13:37 of 3rd period - Shot by Maxwell Crozier.
13:37 of 3rd period - Shot Blocked by Jack Rathbone.
13:39 of 3rd period - Shot by Maxwell Crozier.
13:39 of 3rd period - Stopped by Jordan Papirny without a rebound.
13:40 of 3rd period - John Stevens wins face-off versus Logan Shaw in Comets zone.
13:41 of 3rd period - Shot by Ryan Sandelin.
13:41 of 3rd period - Shot Misses the Net.
13:43 of 3rd period - Shot by John Stevens.
13:43 of 3rd period - Stopped by Jordan Papirny without a rebound.
13:44 of 3rd period - Justin Dowling wins face-off versus John Stevens in Comets zone.
14:16 of 3rd period - Icing by Maxwell Crozier.
14:17 of 3rd period - John Stevens wins face-off versus Justin Dowling in Colorado zone.
14:40 of 3rd period - Shot by Dmitri Voronkov.
14:40 of 3rd period - Shot Misses the Net.
14:42 of 3rd period - Shot by Pavol Regenda.
14:42 of 3rd period - Shot Blocked by Jack Rathbone.
14:44 of 3rd period - Shot by Michael Callahan.
14:44 of 3rd period - Stopped by Jordan Papirny without a rebound.
14:45 of 3rd period - Dmitri Voronkov wins face-off versus Justin Dowling in Comets zone.
14:52 of 3rd period - Shot by Dmitri Voronkov.
14:52 of 3rd period - Shot Blocked by Ashton Sautner.
14:54 of 3rd period - Shot by Pavol Regenda.
14:54 of 3rd period - Shot Misses the Net.
14:56 of 3rd period - Shot by Pavol Regenda.
14:56 of 3rd period - Stopped by Jordan Papirny without a rebound.
14:57 of 3rd period - John Stevens wins face-off versus Justin Dowling in Comets zone.
15:20 of 3rd period - Shot by Jett Woo.
15:20 of 3rd period - Stopped by Evan Fitzpatrick without a rebound.
15:21 of 3rd period - Tanner Fritz wins face-off versus John Stevens in Colorado zone.
15:53 of 3rd period - Off-side.
15:54 of 3rd period - Jett Jones wins face-off versus Logan Shaw in neutral zone.
16:39 of 3rd period - Matthew Highmore is hit by Dmitri Voronkov.
16:40 of 3rd period - Icing by Matthew Highmore.
16:41 of 3rd period - Dmitri Voronkov wins face-off versus Logan Shaw in Comets zone.
17:21 of 3rd period - Shot by Cody Glass.
17:21 of 3rd period - Shot Misses the Net.
17:23 of 3rd period - Shot by Justin Dowling.
17:23 of 3rd period - Shot Blocked by Brayden Pachal.
17:53 of 3rd period - Shot by Riley Nash.
17:53 of 3rd period - Shot Misses the Net.
18:10 of 3rd period - Icing by Brayden Pachal.
18:11 of 3rd period - Dmitri Voronkov wins face-off versus Tucker Robertson in Colorado zone.
18:46 of 3rd period - Icing by Brayden Pachal.
18:47 of 3rd period - Dmitri Voronkov wins face-off versus Tanner Fritz in Colorado zone.
18:58 of 3rd period - Minor Penalty to Brayden Pachal for Holding.
18:59 of 3rd period - Justin Dowling wins face-off versus Filip Cederqvist in Colorado zone.
19:02 of 3rd period - Shot by Matthew Highmore.
19:02 of 3rd period - Shot Blocked by Maxwell Crozier.
19:04 of 3rd period - Shot by Matthew Highmore.
19:04 of 3rd period - Stopped by Evan Fitzpatrick without a rebound.
19:05 of 3rd period - Justin Dowling wins face-off versus Filip Cederqvist in Colorado zone.
19:06 of 3rd period - Shot by Jack Rathbone.
19:06 of 3rd period - Shot Misses the Net.
19:09 of 3rd period - Vasily Podkolzin is hit by Ryan Shea and loses puck.
19:14 of 3rd period - Shot by Justin Dowling.
19:14 of 3rd period - Stopped by Evan Fitzpatrick with a rebound.
19:16 of 3rd period - Shot by Justin Dowling.
19:16 of 3rd period - Stopped by Evan Fitzpatrick without a rebound.
19:17 of 3rd period - Logan Shaw wins face-off versus Filip Cederqvist in Colorado zone.
19:26 of 3rd period - Shot by Logan Shaw.
19:26 of 3rd period - Shot Misses the Net.
19:32 of 3rd period - Shot by Cody Glass.
19:32 of 3rd period - Stopped by Evan Fitzpatrick with a rebound.
19:34 of 3rd period - Shot by Ethan Bear.
19:34 of 3rd period - Shot Misses the Net.
19:42 of 3rd period - Shot by Roby Jarventie.
19:42 of 3rd period - Shot Misses the Net.
Goals for this period are 0 for Colorado vs 1 for Comets.
Shots for this period are 11 for Colorado vs 10 for Comets.